 Dungeon Crawl Stone Soup version 0.31-a0-744-gbc345e7 (webtiles) character file.

Game seed: 3808175707679384686

8878 Rogue the Placeless Spriggan (level 11, -1/56 HPs)
             Began as a Spriggan Warper on Sept 12, 2023.
             Was an Elder of Okawaru.
             Killed by vampiric draining
             ... invoked by a vampire
              (18 damage)
             ... on level 11 of the Dungeon on Sept 13, 2023.
             The game lasted 02:07:01 (16312 turns).

Rogue the Placeless Spriggan (Spriggan Warper)     Turns: 16312, Time: 02:07:02

Health: -1/56      AC:  4    Str:  7    XL:     11   Next: 15%
Magic:  18/24      EV: 19    Int: 17    God:    Okawaru [****..]
Gold:   530        SH:  4    Dex: 17    Spells: 9/27 levels left

rFire   . . .        e - +2 falchion (spect)
rCold   . . .        s - +0 buckler
rNeg    . . .        r - +0 animal skin
rPois   .            (helmet restricted)
rElec   .            y - +1 cloak
rCorr   .            (gloves unavailable)
SInv    +            (boots unavailable)
Will    +....        k - amulet of the acrobat
Stlth   +++          (no ring)
HPRegen 0.29/turn    (no ring)
MPRegen 0.19/turn

%: acrobat
@: studying Axes, very quick
A: very small, no large weapons, unfitting armour, see invisible, speed 3
a: Renounce Religion, Heroism, Finesse


You were on level 11 of the Dungeon.
You worshipped Okawaru.
Okawaru was greatly pleased with you.
You visited 2 branches of the dungeon, and saw 12 of its levels.
You also visited: Ossuary.

You collected 789 gold pieces.
You spent 259 gold pieces at shops.

Inventory:

Hand Weapons
 a - a +0 short sword
 e - a +2 spectral falchion (weapon)
 h - a +3 dagger of venom
 j - a +2 sling of draining
 B - a +2 dagger of speed
 H - a +2 dagger of freezing
 N - a +1 dagger of electrocution
Missiles
 d - 7 darts of dispersal
 t - 19 boomerangs
 F - 8 curare-tipped darts
 K - 4 atropa-tipped darts (quivered)
 L - 8 poisoned darts
 M - 2 throwing nets
Armour
 b - a +0 robe
 r - a +0 animal skin (worn)
 s - a +0 buckler (worn)
 y - a +1 cloak (worn)
 P - a +0 cloak
Magical Staves
 A - a staff of conjuration
Jewellery
 k - an amulet of the acrobat (around neck)
 w - an amulet of guardian spirit
Talismans
 u - a flux talisman
 v - a beast talisman
Wands
 D - a wand of roots (7)
 R - a wand of flame (13)
Scrolls
 c - 2 scrolls of blinking
 f - 4 scrolls of teleportation
 l - a scroll of vulnerability {unknown}
 m - a scroll of fear
 n - a scroll of noise {unknown}
 q - a scroll of acquirement {unknown}
 x - 2 scrolls of summoning
 I - 2 scrolls of fog
 J - a scroll of amnesia {unknown}
 Q - a scroll of silence {unknown}
 S - a scroll of revelation
Potions
 g - 3 potions of mutation
 i - 2 potions of enlightenment
 o - 4 potions of curing
 p - a potion of haste
 z - 2 potions of ambrosia
 C - 4 potions of attraction
 E - 3 potions of might
 G - a potion of heal wounds
 O - 2 potions of magic
 T - 2 potions of brilliance


   Skills:
 * Level 6.1 Fighting
 + Level 3.5(4.8) Short Blades
 + Level 3.7(4.2) Long Blades
 + Level 0.6 Ranged Weapons
 + Level 4.7 Throwing
 + Level 5.6 Dodging
 + Level 4.5 Stealth
 + Level 1.2 Shields
 + Level 8.5 Spellcasting
 * Level 3.0 Conjurations
 + Level 12.1 Translocations
 * Level 6.0 Air Magic
 + Level 1.6 Evocations


You had 9 spell levels left.
You knew the following spells:

 Your Spells              Type           Power      Damage    Failure   Level
a - Blink                 Tloc           96%        N/A       1%          2
b - Manifold Assault      Tloc           48%        N/A       1%          4
c - Vhi's Electric Charg  Tloc/Air       76%        N/A       4%          4
d - Iskenderun's Mystic   Conj/Tloc      33%        2d8       8%          4
e - Ensorcelled Hibernat  Hex/Ice        14%        N/A       26%         2
f - Passwall              Tmut/Erth      5%         N/A       26%         2

Your spell library contained the following spells:

 Spells                   Type           Power      Damage    Failure   Level
 Lesser Beckoning         Tloc           96%        N/A       1%          2
 Teleport Other           Tloc           48%        N/A       1%          3
 Static Discharge         Conj/Air       44%        2-4/arc   3%          2
 Swiftness                Air            27%        N/A       4%          3
 Volatile Blastmotes      Fire/Tloc      54%        2d14      4%          3
 Cigotuvi's Dreadful Rot  Necr/Pois/Air  28%        N/A       11%         2
 Airstrike                Air            13%        2d(2-18)  14%         4
 Arcjolt                  Conj/Air       11%        1d21      56%         5
 Fulminant Prism          Conj/Hex       6%         3d7       65%         4
 Dispel Undead            Necr           7%         3d8       86%         4
 Plasma Beam              Fire/Air       8%         2x1d19    100%        6
 Summon Lightning Spire   Summ/Air       Unusable   N/A       N/A         4
 Death Channel            Necr           Unusable   N/A       N/A         6

Dungeon Overview and Level Annotations

Branches:
Dungeon (11/15)            Temple (1/1) D:6            Lair (0/5) D:11
    Orc (0/2) D:9         Ossuary (visited)

Altars:
Ashenzari
Cheibriados
Dithmenos
Elyvilon
Fedhas
Gozag
Hepliaklqana
Kikubaaqudgha
Makhleb
Nemelex Xobeh
Okawaru
Qazlal
Ru
Sif Muna
Trog
Uskayaw
Vehumet
Wu Jian
Xom
Yredelemnul
Zin
The Shining One

Shops:
D:4 :?   D:8 :

Annotations:
D:10 exclusion: ice statue


Innate Abilities, Weirdness & Mutations

You are very small and have problems with some larger weapons.
You are too small for most types of armour.
You have supernaturally acute eyesight. (SInv)
You cover ground extremely quickly. (Speed+++)


Message History

The vampire barely misses you. The vampire bites you.
The vampire draws strength from your injuries!
The vampire barely misses you. The vampire bites you!
The vampire draws strength from your injuries!
You hit the vampire but do no damage.
The vampire is lightly damaged.
Your +2 spectral falchion hits the vampire.
The grasping roots constrict the vampire!
The roots release their grip on the vampire.
The vampire barely misses you. You block the vampire's attack.
You hit the vampire but do no damage.
The vampire is heavily damaged.
Your +2 spectral falchion hits the vampire.
The vampire hits you but does no damage.
You block the vampire's attack.
Unknown command.
You closely miss the vampire.
The vampire is heavily damaged.
Your +2 spectral falchion hits the vampire.
The vampire hits your +2 spectral falchion.
Your spectral weapon shares its damage with you!
The vampire closely misses your +2 spectral falchion.
You hit the vampire.
The vampire is severely damaged.
Your +2 spectral falchion closely misses the vampire.
The vampire closely misses you. The vampire bites you!
The vampire draws strength from your injuries!
You are too injured to fight recklessly!
You are too injured to fight recklessly!
You hit the vampire.
The vampire is severely damaged.
Your +2 spectral falchion hits the vampire.
The vampire hits you. The vampire bites you!
The vampire draws strength from your injuries!
You hit the vampire.
The vampire is severely damaged.
Your +2 spectral falchion hits the vampire but does no damage.
The vampire closely misses you. The vampire misses you.
The vampire draws life force from you!!
You die...

#..#
###..###########
..#.............
####.#......>.####
....)............#
####.#.######.##.#
#.#......#. #.#
#.#..###.#)##V####
#.#..# # #...@(..#
#
#....###.##.#.##.#
####.#............#
##...######.##.#..#
##.### #.......#
...# ####.#.## ####
#.#... ## #.#.###
.###### #.######


You could see a vampire (invisible) and a friendly +2 spectral falchion.

Vanquished Creatures
  3 two-headed ogres
  Pikel (D:6)
  An unseen horror (D:10)
  A komodo dragon (D:11)
  2 hornets
  A shadow (D:11)
  A wyvern (D:10)
  2 wraiths
  2 yaks (D:11)
  Menkaure (Ossuary)
  4 vampire mosquitoes (D:11)
  3 water moccasins (D:5)
  An ice beast (D:6)
  An orc warrior (D:9)
  2 black bears (D:4)
  3 ogres
  2 centaurs
  A kobold brigand (D:9)
  A phantom (D:6)
  2 bullfrogs (D:7)
  3 gnoll sergeants
  5 scorpions
  4 wights (D:9)
  9 killer bees
  3 howler monkeys (D:10)
  8 orc priests
  3 hounds
  4 gnoll boudas
  A jelly (D:4)
  Jessica (D:3)
  5 iguanas
  17 orc wizards
  A sleepcap (D:5)
  3 mummies (Ossuary)
  Robin (D:1)
  33 gnolls
  9 adders
  A shadow imp (D:7)
  2 ufetubi
  4 dart slugs
  66 orcs
  9 endoplasms
  3 giant cockroaches (D:2)
  15 goblins
  9 hobgoblins
  13 kobolds
  3 quokkas
  9 ball pythons
  8 bats
  9 frilled lizards
  6 gnoll skeletons (Ossuary)
  4 gnoll zombies (Ossuary)
  3 goblin skeletons (Ossuary)
  A goblin zombie (Ossuary)
  2 hobgoblin skeletons (Ossuary)
  2 hobgoblin zombies (Ossuary)
  5 kobold skeletons (Ossuary)
  10 kobold zombies (Ossuary)
  5 orc skeletons (Ossuary)
  4 orc zombies (Ossuary)
  2 rats
  4 rat skeletons (Ossuary)
  4 rat zombies (Ossuary)
348 creatures vanquished.

Vanquished Creatures (others)
  A spectral weapon (D:11)
1 creature vanquished.

Grand Total: 349 creatures vanquished

Notes
Turn   | Place    | Note
-------+----------+-------------------------------------------
     0 | D:1      | Rogue the Spriggan Warper began the quest for the Orb.
     0 | D:1      | Reached XP level 1. HP: 10/10 MP: 5/5
   130 | D:1      | Reached skill level 5 in Translocations
   205 | D:1      | Reached XP level 2. HP: 9/14 MP: 6/6
   208 | D:1      | Learned a level 2 spell: Blink
  1242 | D:2      | Reached XP level 3. HP: 18/18 MP: 8/8
  1406 | D:2      | Noticed Robin
  1433 | D:1      | Killed Robin
  1434 | D:1      | Reached skill level 1 in Stealth
  1628 | D:2      | Reached XP level 4. HP: 23/23 MP: 9/9
  1846 | D:2      | Reached skill level 6 in Translocations
  1951 | D:2      | Reached XP level 5. HP: 26/26 MP: 10/10
  1956 | D:2      | Learned a level 4 spell: Manifold Assault
  1961 | D:2      | Learned a level 4 spell: Vhi's Electric Charge
  2455 | D:3      | Reached skill level 1 in Long Blades
  2639 | D:3      | Noticed Jessica
  2658 | D:3      | Killed Jessica
  2748 | D:3      | Found a shadowy altar of Dithmenos.
  2748 | D:3      | Found an opulent altar of Gozag.
  2748 | D:3      | Found a radiant altar of Vehumet.
  3230 | D:4      | Reached XP level 6. HP: 31/31 MP: 11/11
  3235 | D:4      | Found a basalt altar of Yredelemnul.
  3267 | D:4      | Reached skill level 1 in Air Magic
  3483 | D:4      | Reached skill level 7 in Translocations
  3626 | D:4      | Reached XP level 7. HP: 33/35 MP: 12/12
  3662 | D:4      | Found Tuirrer's Vocational Training.
  3933 | D:4      | Found Perif's Magic Scroll Shop.
  4657 | D:4      | Bought a scroll of revelation for 97 gold pieces
  4657 | D:4      | Bought a scroll of enchant armour for 97 gold pieces
  4657 | D:4      | Bought a scroll of identify for 26 gold pieces
  4657 | D:4      | Bought a scroll of teleportation for 39 gold pieces
  4867 | D:5      | Entered Level 5 of the Dungeon
  4963 | D:6      | Found a sand-covered staircase.
  4972 | Ossuary  | Entered an ossuary
  5941 | Ossuary  | Noticed Menkaure
  5942 | Ossuary  | Upgraded the game from 0.31-a0-731-ga75f04d to
                  | 0.31-a0-744-gbc345e7
  6100 | Ossuary  | Killed Menkaure
  6258 | D:6      | Found a staircase to the Ecumenical Temple.
  6300 | D:6      | Noticed Pikel
  6337 | D:6      | Killed Pikel
  6338 | D:6      | Reached skill level 8 in Translocations
  6338 | D:6      | Reached XP level 8. HP: 37/42 MP: 6/14
  6358 | Temple   | Found a transporter.
  6358 | Temple   | Found a transporter.
  6358 | Temple   | Found a transporter.
  6358 | Temple   | Found a transporter.
  6358 | Temple   | Entered the Ecumenical Temple
  6414 | Temple   | Became a worshipper of Warmaster Okawaru
  6889 | D:6      | Reached skill level 9 in Translocations
  7734 | D:5      | Reached skill level 1 in Shields
  7811 | D:5      | Reached * piety under Okawaru
  8068 | D:5      | Reached XP level 9. HP: 15/45 MP: 3/17
  8524 | D:5      | Reached skill level 5 in Dodging
  8524 | D:5      | Reached skill level 5 in Spellcasting
  8524 | D:5      | Reached skill level 10 in Translocations
  9896 | D:7      | Reached ** piety under Okawaru
 10382 | D:7      | Paralysed by a hornet for 1 turns
 11029 | D:8      | Noticed a two-headed ogre
 11071 | D:8      | Killed a two-headed ogre
 11072 | D:8      | Reached skill level 11 in Translocations
 11072 | D:8      | Reached skill level 5 in Air Magic
 11511 | D:8      | Found Puwnaeg's Tremendous Tomes.
 11632 | D:8      | Learned a level 4 spell: Iskenderun's Mystic Blast
 11734 | D:8      | Reached XP level 10. HP: 22/51 MP: 3/20
 12035 | D:9      | Reached *** piety under Okawaru
 12473 | D:9      | Reached skill level 5 in Fighting
 12513 | D:9      | Learned a level 2 spell: Ensorcelled Hibernation
 12516 | D:9      | Learned a level 2 spell: Passwall
 12763 | D:9      | Found a staircase to the Orcish Mines.
 12917 | D:9      | You fall into a shaft and drop 1 floor!
 12917 | D:10     | Entered Level 10 of the Dungeon
 12926 | D:10     | Reached skill level 1 in Conjurations
 13125 | D:9      | Found a glowing golden altar of the Shining One.
 14753 | D:10     | Noticed an ice statue
 14985 | D:11     | Noticed a two-headed ogre
 15003 | D:11     | Noticed a two-headed ogre
 15027 | D:11     | Killed a two-headed ogre
 15027 | D:11     | Reached **** piety under Okawaru
 15401 | D:11     | Received a gift from Okawaru
 15402 | D:11     | Reached skill level 12 in Translocations
 15574 | D:11     | Reached XP level 11. HP: 51/56 MP: 11/24
 15903 | D:11     | Reached skill level 1 in Evocations
 16018 | D:11     | Found a staircase to the Lair.
 16060 | D:11     | Killed a two-headed ogre
 16312 | D:11     | Killed from afar by a vampire

Illustrated notes

Levels and vault maps discovered:
D:1:      psy_arrival_terrarium, layout_basic, minmay_tiny_reverse_x
D:2:      layout_basic, uniq_robin
D:3:      layout_rooms, gammafunk_temple_overflow_forgotten,
          hangedman_abyss_or_decor_stabs, uniq_jessica
D:4:      layout_loops_ring, general_overflow_altar, serial_shops,
          nicolae_shop_pleasant_corner_grove, minmay_misc_feat_alley,
          skrybe_limestone_x, corexii_checkpoint_b, nicolae_shop_vocational
D:5:      layout_basic, kennysheep_generic_room_11
D:6:      layout_basic, minmay_temple_entry_tees,
          nicolae_ossuary_entry_false_entrances, minmay_lizard_king, uniq_pikel
D:7:      layout_basic
D:8:      layout_basic, st_stairs_2, nicolae_shop_i_like_big_books
D:9:      wander_river, layout_basic, nicolae_tso_swordbearing_angel,
          hiddenorc2_lemuel
D:10:     layout_basic, minivault_16, uniq_sonja
D:11:     layout_basic, david_lair_shrubbed
Temple:   hellmonk_temple_divided_pantheon

Skill      XL: |  1  2  3  4  5  6  7  8  9 10 11 |
---------------+----------------------------------+-----
Translocations | 5 6 7 8 9 11 12 | 12.1
Stealth        | 1 2 3 4 |  4.5
Fighting       | 2 3 4 5 6 |  6.1
Spellcasting   | 3 4 6 8 |  8.5
Dodging        | 4 5 |  5.6
Long Blades    | 1 2 3 |  3.7
Throwing       | 2 3 4 |  4.7
Air Magic      | 2 3 5 6 |  6.0
Short Blades   | 3 |  3.5
Shields        | 1 |  1.2
Conjurations   | 2 3 |  3.0
Evocations     | 1 |  1.6
Ranged Weapons | |  0.6

Action                     |  1- 3 |  4- 6 |  7- 9 | 10-12 || total
---------------------------+-------+-------+-------+-------++-------
  Melee: Short sword       |    39 |     6 |       |       ||    45
         Falchion          |    54 |    38 |   251 |   274 ||   617
         Dagger            |       |       |   147 |    24 ||   171
         Sling             |       |       |     2 |       ||     2
   Fire: Sling             |    38 |   133 |   191 |       ||   362
  Throw: Dart              |     4 |    41 |   132 |    52 ||   229
         Boomerang         |       |       |     5 |    18 ||    23
   Cast: Blink             |     3 |     3 |     9 |     6 ||    21
         Manifold Assault  |       |       |    41 |    38 ||    79
         Vhi's Electric Ch |       |       |    52 |    42 ||    94
         Iskenderun's Myst |       |       |     1 |     9 ||    10
 Invoke: Heroism           |       |       |       |     4 ||     4
  Evoke: Wand              |       |       |       |    15 ||    15
    Use: Potion            |     2 |       |     2 |     2 ||     6
         Scroll            |     1 |     3 |    15 |     8 ||    27
   Stab: Sleeping          |     1 |     1 |     2 |     1 ||     5
         Distracted        |       |       |     2 |     1 ||     3
         Invisible         |       |       |     1 |     4 ||     5
         Paralysed         |       |       |       |     7 ||     7
 Armour: Robe              |    31 |       |       |       ||    31
         Animal skin       |     5 |    29 |   109 |    75 ||   218
  Dodge: Dodged            |    94 |    78 |   221 |   176 ||   569
  Block: Buckler           |     1 |    19 |    52 |    40 ||   112

Table legend: (Time is in decaauts)
 A = Elapsed time spent in this place.
 B = Non-inter-level travel time spent in this place.
 C = Inter-level travel time spent in this place.
 D = Time resting spent in this place.
 E = Time spent auto-exploring this place.
 F = Levels seen in this place.
 G = Mean time per level.
                   A        B        C        D        E       F      G
               +--------+--------+--------+--------+--------+-----+--------+
         Total |  12941 |  12620 |    321 |    849 |   8440 |  13 |  995.5 |
       Dungeon |  11832 |  11511 |    321 |    538 |   8133 |  11 | 1075.6 |
        Temple |     68 |     68 |      0 |      0 |     41 |   1 |   68.0 |
       Ossuary |   1040 |   1040 |      0 |    310 |    265 |   1 | 1040.0 |
               +--------+--------+--------+--------+--------+-----+--------+

Top non-repeatable levels by time:
     D:9: 1690 daAuts
     D:7: 1406 daAuts
     D:5: 1262 daAuts
    D:11: 1118 daAuts
     D:4: 1083 daAuts
 Ossuary: 1040 daAuts
     D:6: 1029 daAuts
     D:8: 955 daAuts
     D:2: 924 daAuts
     D:3: 867 daAuts
     D:1: 789 daAuts
    D:10: 704 daAuts
  Temple: 68 daAuts
